 Dungeon Crawl Stone Soup version 0.27.1 (webtiles) character file.

Game seed: 8189921573114612213

22 ZARRMARR the Skirmisher (level 2, -1/25 HPs)
             Began as a Palentonga Fighter on Aug 23, 2021.
             Frozen to death by an endoplasm (4 damage)
             ... on level 1 of the Dungeon.
             The game lasted 00:02:00 (217 turns).

ZARRMARR the Skirmisher (Palentonga Fighter)         Turns: 217, Time: 00:02:00

Health: -1/25      AC:  6    Str: 19    XL:     2   Next: 68%
Magic:  2/2        EV:  5    Int:  8    God:
Gold:   19         SH:  8    Dex:  9    Spells: 1/1 levels left

rFire    . . .     SeeInvis +   a - +0 flail
rCold    . . .     Faith    .   c - +0 kite shield
rNeg     . . .     Spirit   .   b - +0 scale mail
rPois    .         Reflect  .   (no helmet)
rElec    .         Harm     .   (no cloak)
rCorr    .         Rampage  .   (no gloves)
Will     .....                  (no barding)
Stlth    ..........             (no amulet)
HPRegen  0.08/turn              (no ring)
MPRegen  0.08/turn              (no ring)

@: no status effects
A: large, rugged brown scales 3, see invisible, deformed body, roll 1, armoured
tail
a: Rolling Charge


You were on level 1 of the Dungeon.
You visited 1 branch of the dungeon, and saw 1 of its levels.

You collected 19 gold pieces.

Inventory:

Hand Weapons
 a - a +0 flail (weapon)
Missiles
 d - 10 poisoned darts (quivered)
Armour
 b - a +0 scale mail (worn)
 c - a +0 kite shield (worn)
Scrolls
 e - a scroll of identify {unknown}


   Skills:
 + Level 3.3 Fighting
 + Level 2.2 Maces & Flails
 + Level 2.6 Armour
 + Level 2.7 Shields


You had one spell level left.
You didn't know any spells.
Your spell library was empty.

Dungeon Overview and Level Annotations

Branches:
Dungeon (1/15)

Altars:


Innate Abilities, Weirdness & Mutations

You are completely covered in rugged brown scales. (AC +3, +7% HP)
You have supernaturally acute eyesight. (SInv)
Armour fits poorly on your strangely shaped body.
You can roll at nearby foes to attack.
You have a long armoured tail.


Message History

A bat comes into view.
The rat bites you but does no damage. The kobold hits you with a +0 whip.
The endoplasm completely misses you. You block the hobgoblin's attack.
You block the rat's attack. The kobold barely misses you.
The endoplasm hits you but does no damage.
You thump the hobgoblin!
You kill the hobgoblin!
The rat bites you but does no damage. The kobold hits you with a +0 whip.
You block the endoplasm's attack. The bat hits you but does no damage.
The endoplasm freezes you.
You are frozen.
Things that are here:
a +0 club; a hobgoblin corpse; a hobgoblin corpse You hit the endoplasm but do no damage.
The bat hits you but does no damage. You block the endoplasm's attack.
The rat closely misses you. The endoplasm barely misses you.
You hit the endoplasm but do no damage.
The rat twitches its whiskers.
The rat bites you but does no damage. The kobold hits you with a +0 whip.
You block the endoplasm's attack.
You hit the endoplasm.
The endoplasm is severely wounded.
You block the rat's attack. You block the kobold's attack.
The endoplasm freezes you.
You are frozen.
* * * LOW HITPOINT WARNING * * *
The rat bites you but does no damage. The endoplasm hits you.
* * * LOW HITPOINT WARNING * * *
You block the kobold's attack.
You miss the kobold. You block the rat's attack.
The kobold hits you but does no damage. The endoplasm freezes you.
You are frozen.
* * * LOW HITPOINT WARNING * * *
Your shield prevents you from hitting the kobold.
You block the rat's attack. The kobold barely misses you.
The endoplasm freezes you.
You are frozen.
You die...

#............###.......
#...........#..........
#..........#...........
#.........#........[...
#.........#............
#.........#.........#..
#..........#....<##..#.
#######r...#.......#..#
#..@Jb..#..........#
#....K....#........#.
#...........##..[.##..
#.............####....
#.....................
##....................
##...................
.######.........#...
...........


You could see an endoplasm, a bat, a kobold and a rat.

Vanquished Creatures
  A dart slug (D:1)
  An endoplasm (D:1)
  2 giant cockroaches (D:1)
  3 goblins (D:1)
  3 hobgoblins (D:1)
  2 kobolds (D:1)
  2 ball pythons (D:1)
  2 bats (D:1)
  2 rats (D:1)
18 creatures vanquished.

Notes
Turn   | Place    | Note
-------+----------+-------------------------------------------
     0 | D:1      | ZARRMARR the Palentonga Fighter began the quest for the
                  | Orb.
     0 | D:1      | Reached XP level 1. HP: 19/19 MP: 1/1
    27 | D:1      | Reached XP level 2. HP: 20/25 MP: 2/2
   217 | D:1      | Frozen to death by an endoplasm

Illustrated notes

Levels and vault maps discovered:
D:1:      dpeg_arrival_solitude, layout_rooms,
          dreamdust_ecumenical_altar_statues

Action                   || total
-------------------------++-------
Melee: Flail             ||    48
       Tailslap          ||     3
 Abil: Rolling Charge    ||    13
  Use: Potion            ||     1
Armor: Scale mail        ||    41
Dodge: Dodged            ||    24
Block: Kite shield       ||    37
